 Dungeon Crawl Stone Soup version 0.29.0-10-g45618ea6d2 (webtiles) character file.

Game seed: 3469396054969730094

46 qwertyui the Sneak (level 3, 0/16 HPs)
             Began as a Spriggan Conjurer on Sept 1, 2022.
             Slain by a rat (1 damage)
             ... on level 2 of the Dungeon.
             The game lasted 00:09:34 (3493 turns).

qwertyui the Sneak (Spriggan Conjurer)              Turns: 3493, Time: 00:09:35

Health: 0/16       AC:  2    Str:  3    XL:     3   Next: 46%
Magic:  5/8        EV: 17    Int: 21    God:
Gold:   77         SH:  0    Dex: 13    Spells: 5/8 levels left

rFire   . . .      SeeInvis +   e - +0 dagger
rCold   + . .      Faith    .   (no shield)
rNeg    . . .      Spirit   .   a - +0 robe
rPois   .          Reflect  .   (helmet restricted)
rElec   .          Harm     .   (no cloak)
rCorr   .          Rampage  .   (gloves unavailable)
Will    .....                   (boots unavailable)
Stlth   ++........              (no amulet)
HPRegen 0.05/turn               l - ring of protection from cold
MPRegen 0.11/turn               (no ring)

@: very quick
A: very small, no large weapons, unfitting armour, see invisible, speed 3
a: no special abilities


You were on level 2 of the Dungeon.
You visited 1 branch of the dungeon, and saw 2 of its levels.

You collected 77 gold pieces.

Inventory:

Hand Weapons
 e - a +0 dagger (weapon)
Missiles
 g - 15 stones
Armour
 a - a +0 robe (worn)
Jewellery
 l - a ring of protection from cold (left hand)
Scrolls
 h - a scroll of brand weapon {unknown}
 i - a scroll of identify {unknown}
 j - a scroll of teleportation
 k - a scroll of amnesia {unknown}
 m - 3 scrolls of torment {unknown}
 n - a scroll of immolation {unknown}
Potions
 b - a potion of magic
 c - a potion of might {unknown}
 d - a potion of haste {unknown}
 f - a potion of flight {unknown}


   Skills:
 + Level 0.4 Throwing
 + Level 3.1 Dodging
 * Level 4.0 Stealth
 * Level 3.4 Spellcasting
 * Level 3.2 Conjurations


You had 5 spell levels left.
You knew the following spells:

 Your Spells              Type           Power      Damage    Failure   Level
a - Magic Dart            Conj           68%        1d6       3%          1
b - Searing Ray           Conj           34%        2d5       4%          2

Your spell library contained the following spells:

 Spells                   Type           Power      Damage    Failure   Level
 Dazzling Flash           Conj/Hex       20%        N/A       21%         3
 Fulminant Prism          Conj/Hex       5%         3d7       54%         4
 Iskenderun's Mystic Bla  Conj/Tloc      10%        2d4       54%         4
 Summon Forest            Summ/Tloc      1%         N/A       98%         5
 Summon Mana Viper        Hex/Summ       3%         N/A       98%         5
 Summon Cactus Giant      Summ           1%         N/A       100%        6


Dungeon Overview and Level Annotations

Branches:
Dungeon (2/15)

Altars:
Kikubaaqudgha

Shops:
D:1 (=*=


Innate Abilities, Weirdness & Mutations

You are very small and have problems with some larger weapons.
You are too small for most types of armour.
You have supernaturally acute eyesight. (SInv)
You cover ground extremely quickly. (Speed+++)


Message History

The adder is heavily wounded.
The adder closely misses you.
Unknown command.
You closely miss the adder.
The adder is heavily wounded.
The adder misses you. The adder barely misses you.
You closely miss the adder.
The adder is heavily wounded.
The adder bites you.
You closely miss the adder.
The adder is heavily wounded.
The adder bites you.
You closely miss the adder.
The adder is heavily wounded.
The adder misses you. The adder barely misses you.
Your magical contamination has completely faded away.
You closely miss the adder.
The adder is heavily wounded.
The adder completely misses you.
You closely miss the adder.
The adder is heavily wounded.
The adder bites you.
You hit the adder.
The adder is severely wounded.
The adder bites you.
You barely miss the adder.
The adder is severely wounded.
The adder bites you. x2
* * * LOW HITPOINT WARNING * * *
You closely miss the adder.
The adder is severely wounded.
The adder bites you.
* * * LOW HITPOINT WARNING * * *
The rat closely misses you.
You closely miss the adder.
The adder is severely wounded.
The adder bites you.
* * * LOW HITPOINT WARNING * * *
The rat bites you.
You die...

.....#
#...'....'...........
.....#
######....############
>...## #.........#
....# #......####
....# #....).# ....#
#########
.##############....#
.##...........'....#
.##.###########r@..#
.##.# #....#S### .##.#
#...#.... .##.# #..
#...$# .##.# #. #....#
.##.# # #....# .##.#
#....# .##.#.#
.##.#+## .##.#.# .#


You could see an adder and a rat.

Vanquished Creatures
  An adder (D:2)
  A worm (D:2)
  A dart slug (D:2)
  2 ball pythons (D:2)
  5 endoplasms
  3 goblins
  3 hobgoblins
  2 jackals (D:2)
  2 kobolds (D:1)
  A quokka (D:1)
  4 bats
  3 frilled lizards (D:2)
  2 rats
30 creatures vanquished.

Notes
Turn   | Place    | Note
-------+----------+-------------------------------------------
     0 | D:1      | qwertyui the Spriggan Conjurer began the quest for the Orb.
     0 | D:1      | Reached XP level 1. HP: 9/9 MP: 5/5
   291 | D:1      | Found Zesoigery's Assorted Antiques.
   301 | D:1      | Found Zymovveg's Jewellery Emporium.
   307 | D:1      | Found a faded altar of an unknown god.
   543 | D:1      | Found Sipobli's Antique Weapon Emporium.
   976 | D:1      | Reached XP level 2. HP: 13/13 MP: 4/7
  1341 | D:1      | Learned a level 2 spell: Searing Ray
  1368 | D:1      | Found Giocadey's Jewellery Shoppe.
  2287 | D:2      | Reached XP level 3. HP: 16/16 MP: 0/8
  3028 | D:2      | Found an ancient bone altar of Kikubaaqudgha.
  3083 | D:2      | Reached skill level 4 in Stealth
  3493 | D:2      | Slain by a rat

Illustrated notes

Levels and vault maps discovered:
D:1:      saegor_arrival_simple_e, layout_basic, serial_shops, shop, shop, shop,
          nicolae_shop_temple_entry_statues_fountains,
          ebering_ecumenical_altar_abandoned
D:2:      layout_basic, basic_altar

Skill      XL: |  1  2  3 |
---------------+----------+-----
Conjurations   | 3 |  3.2
Spellcasting   | 3 |  3.4
Dodging        | 3 |  3.1
Stealth        | 4 |  4.0
Throwing       | |  0.4

Action                   || total
-------------------------++-------
Melee: Unarmed           ||     2
       Dagger            ||    11
 Cast: Magic Dart        ||    68
  Use: Scroll            ||     1
Armor: Robe              ||     1
Dodge: Dodged            ||    17
